 Dungeon Crawl Stone Soup version 0.29.1-1-gd02db6906a (webtiles) character file.

Game seed: 2649700061942357693

46 LustLizard the Vexing (level 3, 0/18 HPs)
             Began as a Spriggan Arcane Marksman on Sept 21, 2022.
             Killed from afar by Natasha (9 damage)
             ... with a magic dart
             ... on level 2 of the Dungeon.
             The game lasted 00:04:10 (2191 turns).

LustLizard the Vexing (Spriggan Arcane Marksman)    Turns: 2191, Time: 00:04:10

Health: 0/18       AC:  2    Str:  6    XL:     3   Next: 46%
Magic:  6/6        EV: 17    Int: 14    God:
Gold:   36         SH:  0    Dex: 17    Spells: 3/4 levels left

rFire   . . .      SeeInvis +   a - +1 sling
rCold   . . .      Faith    .   (no shield)
rNeg    . . .      Spirit   .   c - +0 robe
rPois   .          Reflect  .   (helmet restricted)
rElec   .          Harm     .   (no cloak)
rCorr   +          Rampage  .   (gloves unavailable)
Will    .....                   (boots unavailable)
Stlth   ++........              (no amulet)
HPRegen 0.06/turn               l - ring of resist corrosion
MPRegen 0.10/turn               (no ring)

@: very quick
A: very small, no large weapons, unfitting armour, see invisible, speed 3
a: no special abilities


You were on level 2 of the Dungeon.
You visited 1 branch of the dungeon, and saw 2 of its levels.

You collected 36 gold pieces.

Inventory:

Hand Weapons
 a - a +1 sling (weapon)
Armour
 c - a +0 robe (worn)
Jewellery
 l - a ring of resist corrosion (left hand)
Scrolls
 b - 3 scrolls of poison
 e - a scroll of amnesia {unknown}
 h - a scroll of torment {unknown}
 i - a scroll of teleportation {unknown}
 j - a scroll of vulnerability {unknown}
Potions
 d - a potion of degeneration {unknown}
 f - a potion of heal wounds {unknown}
 g - a potion of flight {unknown}
 k - a potion of ambrosia {unknown}
 m - a potion of brilliance {unknown}


   Skills:
 + Level 1.2 Fighting
 * Level 2.7 Ranged Weapons
 - Level 2.6 Dodging
 * Level 2.9 Stealth
 - Level 1.3 Spellcasting
 - Level 4.0 Hexes


You had 3 spell levels left.
You knew the following spells:

 Your Spells              Type           Power      Damage    Failure   Level
a - Slow                  Hex            48%        N/A       4%          1

Your spell library contained the following spells:

 Spells                   Type           Power      Damage    Failure   Level
 Inner Flame              Hex/Fire       6%         N/A       32%         3
 Portal Projectile        Hex/Tloc       12%        N/A       32%         3
 Cause Fear               Hex            6%         N/A       43%         4


Dungeon Overview and Level Annotations

Branches:
Dungeon (2/15)

Altars:
Qazlal

Annotations:
D:2 Natasha


Innate Abilities, Weirdness & Mutations

You are very small and have problems with some larger weapons.
You are too small for most types of armour.
You have supernaturally acute eyesight. (SInv)
You cover ground extremely quickly. (Speed+++)


Message History

Press: ? - help, Shift-Dir - straight line, f - Natasha
Aim: Natasha (wandering, hasn't noticed you, chance to affect: 50%) Natasha hisses angrily.
Natasha resists with significant effort.
Casting: Slow (safe; 4% risk of failure)
Confirm with . or Enter, or press ? or * to list all spells.
Aiming: Slow (safe; 4% risk of failure)
Press: ? - help, Shift-Dir - straight line, f/p - Natasha
Aim: Natasha (chance to affect: 50%) Natasha seems to slow down.
You shoot a sling bullet. The sling bullet hits Natasha.
Natasha is moderately wounded.
Unknown command.
You shoot a sling bullet.
The sling bullet closely misses Natasha.
You shoot a sling bullet. The sling bullet hits Natasha.
Natasha is moderately wounded.
You shoot a sling bullet. The sling bullet hits Natasha.
Natasha is heavily wounded.
You see here a +0 dagger.
Natasha is nearby!
You shoot a sling bullet. The sling bullet hits Natasha.
Natasha is severely wounded.
You shoot a sling bullet. The sling bullet hits Natasha.
Natasha is almost dead.
You shoot a sling bullet. The sling bullet hits Natasha.
Natasha is almost dead.
Natasha is no longer moving slowly.
Natasha stares at you and mumbles some strange words.
The magic dart hits you!
Ouch! That really hurt!
You are too injured to fight recklessly!
Fire: a) +1 sling
Press: ? - help, Q - select action, (/) - cycle Shift-Dir - straight line, f/p - Natasha
Aim: Natasha (almost dead, 51% to hit)
You shoot a sling bullet. The sling bullet barely misses Natasha.
Natasha casts a spell at you. The magic dart hits you!
Ouch! That really hurt!
You die...

#.# #..## #)##......## # #.#
#####..####.##...###.### ####.#
#.........#.###.## ##... #....#
#.###..##.#..##.# ##.# #.#### #.#
#.h##.##.##.# #.# #.# ##.#
#..##.##.##.# #..
#.######..###..##.##.##.# #..
#.##.......)..........<.# #.#
#....#.#####.#.@........# #.#
#.#..#.#...#.####.##.#..# #..
#.##.#.#.#.#.. .........# #..
##.##.#.#.#.#.###...#.#..# #..
#...#.#...#.#.........#..# #..
#.....#####.#.###...#.#..# #..
#.<.#.......#.####..#.#..# #..
###.#.#####.#.##......#..######..
#.#.#...#.#.........#.#.##.....


You could see Natasha.

Vanquished Creatures
  2 adders
  A worm (D:2)
  A dart slug (D:2)
  A ball python (D:2)
  2 endoplasms
  4 goblins
  4 hobgoblins (D:2)
  A kobold (D:1)
  4 bats
  2 frilled lizards
22 creatures vanquished.

Notes
Turn   | Place    | Note
-------+----------+-------------------------------------------
     0 | D:1      | LustLizard the Spriggan Arcane Marksman began the quest for
                  | the Orb.
     0 | D:1      | Reached XP level 1. HP: 9/9 MP: 3/3
   247 | D:1      | Reached skill level 1 in Stealth
   314 | D:1      | Found a faded altar of an unknown god.
   634 | D:1      | Reached skill level 1 in Fighting
   634 | D:1      | Reached XP level 2. HP: 7/14 MP: 1/5
   877 | D:2      | Reached skill level 4 in Hexes
  1177 | D:2      | Reached XP level 3. HP: 16/18 MP: 1/6
  1597 | D:2      | Found a stormy altar of Qazlal.
  1704 | D:2      | Noticed Natasha
  2191 | D:2      | Killed from afar by Natasha

Illustrated notes

Levels and vault maps discovered:
D:1:      matt_arrival_diagonals, layout_basic,
          hellmonk_ecumenical_altar_inner_sanctum
D:2:      minmay_inner_zag, layout_loops_ring, basic_altar, roderic_lattice_a,
          minmay_vboxes, uniq_natasha

Skill      XL: |  1  2 |
---------------+-------+-----
Stealth        | 1 2 |  2.9
Fighting       | 1 |  1.2
Hexes          | 4 |  4.0
Ranged Weapons | |  2.7
Dodging        | |  2.6
Spellcasting   | |  1.3

Action                   || total
-------------------------++-------
 Fire: Sling             ||   123
 Cast: Slow              ||     9
Armor: Robe              ||     4
Dodge: Dodged            ||    33
